 Dungeon Crawl Stone Soup version 0.21.1-1-g345015f (webtiles) character file.

2951 tidbits the Magician (level 9, -1/106 HPs)
             Began as a Gnoll Skald on June 20, 2018.
             Was a Believer of Cheibriados.
             Slain by a manticore (10 damage)
             ... on level 11 of the Dungeon.
             The game lasted 00:18:47 (1787 turns).

tidbits the Magician (Gnoll Skald)                  Turns: 1787, Time: 00:18:48

Health: -1/106     AC: 24    Str: 19    XL:     9   Next: 81%
Magic:  4/19       EV:  2    Int: 22    God:    Cheibriados [**....]
Gold:   121        SH:  0    Dex: 22    Spells: 11/21 levels left

rFire    . . .     SeeInvis .   b - +0 lajatang
rCold    . . .     Gourm    .   (shield currently unavailable)
rNeg     + + +     Faith    +   (armour currently unavailable)
rPois    +         Spirit   .   (helmet currently unavailable)
rElec    .         Reflect  .   (cloak currently unavailable)
rCorr    .         Harm     .   (gloves currently unavailable)
MR       +....     NoTele   +   (boots currently unavailable)
Stlth    +++.......             v - amulet of faith
HPRegen  0.27/turn              A - ring of protection from magic
MPRegen  0.16/turn              K - +4 ring of dexterity

@: tree-form, very slightly contaminated, very slow
A: distributed training, strong nose
a: Bend Time, Renounce Religion


You were on level 11 of the Dungeon.
You worshipped Cheibriados.
Cheibriados was pleased with you.
You were not hungry.
You were a tree.
You visited 2 branches of the dungeon, and saw 12 of its levels.

You collected 186 gold pieces.
You spent 65 gold pieces at shops.

Inventory:

Hand Weapons
 a - a +0 dagger
 b - a +0 lajatang (weapon)
 f - a +0 whip of electrocution
   (You took it off a kobold on level 1 of the Dungeon)
 m - a +0 longbow
 o - a +0 hand axe
 q - a +0 scythe
 w - a +0 trident
 I - a +0 shortbow
 L - a +4 dagger of freezing
   (You took it off a wight on level 10 of the Dungeon)
 M - a cursed +5 great sword
Missiles
 e - 42 stones (quivered)
 i - 78 arrows
Armour
 t - a +0 ring mail
 u - a +0 leather armour (melded)
 E - a +0 helmet (melded)
 G - a +0 pair of gloves (melded)
Jewellery
 h - a +2 amulet of reflection
   (You found it on level 1 of the Dungeon)
 v - an amulet of faith (around neck)
   (You found it on level 3 of the Dungeon)
 A - a ring of protection from magic (left branch)
   (You found it on level 5 of the Dungeon)
 C - an uncursed ring of see invisible
   (You found it on level 5 of the Dungeon)
 K - a +4 ring of dexterity (right branch)
   (You found it on level 9 of the Dungeon)
Wands
 n - a wand of polymorph (10)
 r - a wand of random effects (25)
Scrolls
 g - 2 scrolls of teleportation
 j - 2 scrolls of amnesia
 k - 2 scrolls of remove curse
 s - a scroll of random uselessness
 x - 2 scrolls of magic mapping {unknown}
 y - a scroll of immolation {unknown}
 B - 2 scrolls of blinking
Potions
 l - 2 potions of heal wounds {unknown}
 p - a potion of mutation {unknown}
 z - a potion of curing
 D - a potion of lignification
 F - a potion of flight {unknown}
 H - a potion of haste {unknown}
 J - a potion of agility {unknown}
Books
 d - a book of Battle

   Spells                             Type                      Level
   a - Infusion                       Charms                       1
   b - Shroud of Golubria             Charms/Translocation         2
   c - Song of Slaying                Charms                       2
   d - Spectral Weapon                Hexes/Charms                 3
   e - Regeneration                   Charms/Necromancy            3
Comestibles
 c - 10 rations


   Skills:
 + Level 6.5 Fighting
 + Level 4.5 Short Blades
 + Level 4.5 Long Blades
 + Level 6.5 Axes
 + Level 4.5 Maces & Flails
 + Level 4.5 Polearms
 + Level 4.5 Staves
 + Level 4.5 Slings
 + Level 4.5 Bows
 + Level 4.5 Crossbows
 + Level 4.5 Throwing
 + Level 5.2 Armour
 + Level 6.5 Dodging
 + Level 4.5 Stealth
 + Level 4.5 Shields
 + Level 4.5 Unarmed Combat
 + Level 6.8 Spellcasting
 + Level 3.7 Conjurations
 + Level 3.7 Hexes
 + Level 6.7 Charms
 + Level 3.7 Summonings
 + Level 3.7 Necromancy
 + Level 3.7 Translocations
 + Level 3.7 Transmutations
 + Level 3.7 Fire Magic
 + Level 3.7 Ice Magic
 + Level 3.7 Air Magic
 + Level 3.7 Earth Magic
 + Level 3.7 Poison Magic
 + Level 5.0 Invocations
 + Level 4.5 Evocations


You had 11 spell levels left.
You knew the following spells:

 Your Spells              Type           Power        Failure   Level  Hunger
g - Shroud of Golubria    Chrm/Tloc      ####......   1%          2    None
r - Regeneration          Chrm/Necr      ####......   3%          3    None
w - Spectral Weapon       Hex/Chrm       ####....     3%          3    None
y - Song of Slaying       Chrm           #####...     1%          2    None


Dungeon Overview and Level Annotations

Branches:
Dungeon (11/15)            Temple (1/1) D:6
   Lair: D:8-11         Orc: D:9-12

Altars:
Ashenzari
Cheibriados
Dithmenos
Elyvilon
Gozag
Hepliaklqana
Kikubaaqudgha
Makhleb
Nemelex Xobeh
Okawaru
Ru
Trog
Uskayaw
Vehumet
Xom
Yredelemnul
Zin
The Shining One

Shops:
D:5 *![


Innate Abilities, Weirdness & Mutations

Your experience applies equally to all skills.
((You have very sharp teeth.))
Your uncanny sense of smell can sniff out nearby items.


Message History

You slice the worker ant!!
You kill the worker ant!
Cheibriados appreciates the change of pace.
Your spectral weapon fades away.
Found a stone staircase leading down.
There is a stone staircase leading down here.
You climb downwards.
An adder and an ogre come into view.
Found a scroll labeled MIWETEUCVA.
There is a stone staircase leading up here.
Unknown command.
Casting: Spectral Weapon
Confirm with . or Enter, or press ? or * to list all spells.
You draw out your weapon's spirit!
Casting: Spectral Weapon
Confirm with . or Enter, or press ? or * to list all spells.
Space distorts slightly along a thin shroud covering your body.
You see here a scroll labeled MIWETEUCVA.
The ogre shouts!
The adder hisses angrily.
The adder closely misses you. The ogre barely misses you.
A manticore comes into view.
Okay, then.
Unknown command.
Unknown command.
Okay, then.
You slash the ogre!
The ogre is moderately wounded.
Your spectral weapon hits the ogre!!
You kill the ogre!
Cheibriados appreciates the change of pace.
Your Invocations skill increases to level 5!
The adder bites you but does no damage.
You barely miss the adder. Your bite misses the adder.
Your spectral weapon misses the adder.
The adder closely misses you. x2
You swap places.
The adder barely misses you. x2
The manticore flicks its tail.
The volley of spikes hits your spectral weapon.
Your spectral weapon shares its damage with you!
The adder completely misses you.
The manticore flicks its tail.
The volley of spikes hits your spectral weapon.
Your spectral weapon shares its damage with you!
You slash the adder!
The adder is severely wounded.
Your spectral weapon barely misses the adder.
The adder completely misses you. The adder bites you but does no damage.
The manticore flicks its tail.
The volley of spikes hits your spectral weapon.
Your spectral weapon shares its damage with you!
Your spectral weapon fades away.
You slash the adder!
You kill the adder!
Cheibriados appreciates the change of pace.
Evoke which item? (* to show all) (? for menu, Esc to quit)
Okay, then.
Unknown command.
Unknown command.
Unknown command.
Blink to where?
Press: ? - help, Dir - move target cursor You are very lightly contaminated with residual magic.
As you read the scroll labeled GISAB MAILI, it crumbles to dust.
It was a scroll of blinking.
Found a potion of curing.
Found a stone staircase leading up.
Casting: Shroud of Golubria
Confirm with . or Enter, or press ? or * to list all spells.
You draw out your weapon's spirit!
Okay, then.
The manticore misses you. The manticore claws you!
Your shroud falls apart!
The manticore completely misses you. The manticore bites you!!
* * * LOW HITPOINT WARNING * * *
The manticore barely misses you. The manticore completely misses you.
The manticore bites you!
* * * LOW HITPOINT WARNING * * *
The manticore claws you but does no damage.
The manticore barely misses you.
It was a potion of lignification.
You turn into a tree.
Your +0 helmet melds into your body.
Your +0 pair of gloves melds into your body.
Your +0 leather armour melds into your body.
Your roots penetrate the ground.
The manticore bites you.
* * * LOW HITPOINT WARNING * * *
The manticore claws you but does no damage. x2
You slice the manticore!!
The manticore is heavily wounded.
Your spectral weapon fades away.
The manticore bites you.
* * * LOW HITPOINT WARNING * * *
The manticore claws you.
* * * LOW HITPOINT WARNING * * *
The manticore claws you but does no damage.
You barely miss the manticore.
The manticore is heavily wounded.
The manticore bites you but does no damage.
The manticore barely misses you.
The manticore claws you but does no damage.
The manticore bites you!
You die...

#.#<# #.#!#
#.#.# #.#.#
#.#.# #.#.#
#######.#.#
.......♣..#
#######H###
#####.#
#...<.#
#####...?.#
....H.....#
#.###..)..#
#.....#
###.###


You could see a manticore.

Vanquished Creatures
  A two-headed ogre (D:10)
  A troll (D:9)
  Grinder (D:3)
  Sigmund (D:3)
  An eye of draining (D:10)
  A phantom (D:5)
  A hornet zombie (D:9)
  A black bear (D:10)
  4 ogres
  A centaur (D:9)
  2 scorpions
  5 wights (D:10)
  A howler monkey (D:7)
  A crimson imp (D:7)
  A quasit (D:9)
  A jelly (D:10)
  An orc priest (D:9)
  A bullfrog skeleton (D:10)
  An iguana (D:5)
  4 orc wizards
  Natasha (thrice) (D:3)
  6 worker ants
  Robin (D:1)
  6 adders
  A shadow imp (D:3)
  A worm (D:6)
  2 leopard geckos (D:2)
  12 orcs
  4 giant cockroaches
  8 goblins
  11 hobgoblins
  A jackal (D:3)
  4 kobolds
  2 quokkas
  3 bats
  A frilled lizard (D:5)
  2 goblin skeletons (D:9)
  2 hobgoblin zombies (D:9)
  A jackal zombie (D:5)
  2 kobold zombies (D:9)
  An orc zombie (D:9)
  5 rats
110 creatures vanquished.

Vanquished Creatures (others)
  3 spectral weapons
3 creatures vanquished.

Grand Total: 113 creatures vanquished

Notes
Turn   | Place    | Note
-------+----------+-------------------------------------------
     0 | D:1      | tidbits the Gnoll Skald began the quest for the Orb.
     0 | D:1      | Reached XP level 1. HP: 20/20 MP: 6/6
    56 | D:1      | Reached XP level 2. HP: 21/26 MP: 0/7
    60 | D:1      | Learned a level 2 spell: Song of Slaying
    70 | D:1      | Learned a level 2 spell: Shroud of Golubria
   162 | D:2      | Reached XP level 3. HP: 26/31 MP: 0/9
   171 | D:2      | Learned a level 3 spell: Regeneration
   172 | D:2      | Reached skill level 5 in Spellcasting
   177 | D:2      | Learned a level 3 spell: Spectral Weapon
   179 | D:2      | Noticed Robin
   215 | D:1      | Killed Robin
   239 | D:2      | Reached skill level 1 in Invocations
   253 | D:2      | HP: 3/31 [hobgoblin/club[Robin] (1)]
   283 | D:2      | Reached skill level 1 in Short Blades
   283 | D:2      | Reached skill level 1 in Long Blades
   283 | D:2      | Reached skill level 1 in Maces & Flails
   283 | D:2      | Reached skill level 1 in Polearms
   283 | D:2      | Reached skill level 1 in Staves
   283 | D:2      | Reached skill level 1 in Slings
   283 | D:2      | Reached skill level 1 in Bows
   283 | D:2      | Reached skill level 1 in Crossbows
   283 | D:2      | Reached skill level 1 in Throwing
   283 | D:2      | Reached skill level 1 in Stealth
   283 | D:2      | Reached skill level 1 in Shields
   283 | D:2      | Reached skill level 1 in Unarmed Combat
   283 | D:2      | Reached skill level 1 in Evocations
   309 | D:2      | Reached XP level 4. HP: 25/38 MP: 2/11
   406 | D:3      | Noticed Sigmund
   426 | D:3      | Killed Sigmund
   426 | D:3      | Reached skill level 3 in Armour
   426 | D:3      | Reached skill level 1 in Conjurations
   426 | D:3      | Reached skill level 1 in Hexes
   426 | D:3      | Reached skill level 1 in Summonings
   426 | D:3      | Reached skill level 1 in Necromancy
   426 | D:3      | Reached skill level 1 in Translocations
   426 | D:3      | Reached skill level 1 in Transmutations
   426 | D:3      | Reached skill level 1 in Fire Magic
   426 | D:3      | Reached skill level 1 in Ice Magic
   426 | D:3      | Reached skill level 1 in Air Magic
   426 | D:3      | Reached skill level 1 in Earth Magic
   426 | D:3      | Reached skill level 1 in Poison Magic
   426 | D:3      | Reached skill level 2 in Invocations
   426 | D:3      | Reached XP level 5. HP: 37/43 MP: 1/12
   426 | D:3      | Reached XP level 6. HP: 44/50 MP: 1/13
   466 | D:3      | Noticed Natasha
   475 | D:3      | Killed Natasha
   483 | D:3      | Noticed Natasha
   497 | D:3      | Killed Natasha
   536 | D:3      | Noticed Natasha
   542 | D:3      | Killed Natasha
   542 | D:3      | Reached skill level 5 in Fighting
   542 | D:3      | Reached skill level 5 in Axes
   542 | D:3      | Reached skill level 5 in Dodging
   550 | D:3      | Noticed Grinder
   562 | D:3      | Paralysed by Grinder for 6 turns
   580 | D:3      | Paralysed by Grinder for 7 turns
   598 | D:3      | Killed Grinder
   598 | D:3      | Reached skill level 2 in Short Blades
   598 | D:3      | Reached skill level 2 in Long Blades
   598 | D:3      | Reached skill level 2 in Maces & Flails
   598 | D:3      | Reached skill level 2 in Polearms
   598 | D:3      | Reached skill level 2 in Staves
   598 | D:3      | Reached skill level 2 in Slings
   598 | D:3      | Reached skill level 2 in Bows
   598 | D:3      | Reached skill level 2 in Crossbows
   598 | D:3      | Reached skill level 2 in Throwing
   598 | D:3      | Reached skill level 2 in Stealth
   598 | D:3      | Reached skill level 2 in Shields
   598 | D:3      | Reached skill level 2 in Unarmed Combat
   598 | D:3      | Reached skill level 2 in Evocations
   598 | D:3      | Reached XP level 7. HP: 14/56 MP: 6/15
   782 | D:5      | Entered Level 5 of the Dungeon
   782 | D:5      | Found Eheitz's General Store.
   787 | D:5      | Bought a scroll of identify for 26 gold pieces
   787 | D:5      | Bought a potion of curing for 39 gold pieces
   801 | D:5      | Reached skill level 2 in Conjurations
   801 | D:5      | Reached skill level 2 in Hexes
   801 | D:5      | Reached skill level 2 in Summonings
   801 | D:5      | Reached skill level 2 in Necromancy
   801 | D:5      | Reached skill level 2 in Translocations
   801 | D:5      | Reached skill level 2 in Transmutations
   801 | D:5      | Reached skill level 2 in Fire Magic
   801 | D:5      | Reached skill level 2 in Ice Magic
   801 | D:5      | Reached skill level 2 in Air Magic
   801 | D:5      | Reached skill level 2 in Earth Magic
   801 | D:5      | Reached skill level 2 in Poison Magic
   837 | D:5      | Found Ewaant's Distillery.
   901 | D:5      | Found Nyj Zics's Armour Shoppe.
   927 | D:5      | Reached skill level 3 in Invocations
  1007 | D:6      | Reached XP level 8. HP: 63/63 MP: 6/16
  1096 | D:7      | Reached skill level 6 in Charms
  1150 | D:7      | Reached skill level 4 in Armour
  1158 | D:7      | Reached skill level 3 in Short Blades
  1158 | D:7      | Reached skill level 3 in Long Blades
  1158 | D:7      | Reached skill level 3 in Maces & Flails
  1158 | D:7      | Reached skill level 3 in Polearms
  1158 | D:7      | Reached skill level 3 in Staves
  1158 | D:7      | Reached skill level 3 in Slings
  1158 | D:7      | Reached skill level 3 in Bows
  1158 | D:7      | Reached skill level 3 in Crossbows
  1158 | D:7      | Reached skill level 3 in Throwing
  1158 | D:7      | Reached skill level 3 in Stealth
  1158 | D:7      | Reached skill level 3 in Shields
  1158 | D:7      | Reached skill level 3 in Unarmed Combat
  1158 | D:7      | Reached skill level 3 in Evocations
  1174 | D:6      | Found a staircase to the Ecumenical Temple.
  1185 | Temple   | Entered the Ecumenical Temple
  1269 | Temple   | Became a worshipper of Cheibriados the Contemplative
  1319 | D:6      | Reached skill level 6 in Spellcasting
  1377 | D:8      | Found a hazy altar of Hepliaklqana.
  1386 | D:9      | Noticed a troll
  1395 | D:9      | Killed a troll
  1399 | D:9      | HP: 6/64 [hornet zombie (6)]
  1451 | D:9      | Reached skill level 4 in Invocations
  1469 | D:9      | Reached skill level 3 in Conjurations
  1469 | D:9      | Reached skill level 3 in Hexes
  1469 | D:9      | Reached skill level 3 in Summonings
  1469 | D:9      | Reached skill level 3 in Necromancy
  1469 | D:9      | Reached skill level 3 in Translocations
  1469 | D:9      | Reached skill level 3 in Transmutations
  1469 | D:9      | Reached skill level 3 in Fire Magic
  1469 | D:9      | Reached skill level 3 in Ice Magic
  1469 | D:9      | Reached skill level 3 in Air Magic
  1469 | D:9      | Reached skill level 3 in Earth Magic
  1469 | D:9      | Reached skill level 3 in Poison Magic
  1499 | D:9      | Reached XP level 9. HP: 50/69 MP: 1/18
  1599 | D:9      | Reached skill level 6 in Fighting
  1599 | D:9      | Reached skill level 6 in Axes
  1599 | D:9      | Reached skill level 6 in Dodging
  1601 | D:9      | Reached * piety under Cheibriados
  1604 | D:9      | Found a glowing golden altar of the Shining One.
  1638 | D:10     | Entered Level 10 of the Dungeon
  1660 | D:10     | Reached skill level 4 in Short Blades
  1660 | D:10     | Reached skill level 4 in Long Blades
  1660 | D:10     | Reached skill level 4 in Maces & Flails
  1660 | D:10     | Reached skill level 4 in Polearms
  1660 | D:10     | Reached skill level 4 in Staves
  1660 | D:10     | Reached skill level 4 in Slings
  1660 | D:10     | Reached skill level 4 in Bows
  1660 | D:10     | Reached skill level 4 in Crossbows
  1660 | D:10     | Reached skill level 4 in Throwing
  1660 | D:10     | Reached skill level 4 in Stealth
  1660 | D:10     | Reached skill level 4 in Shields
  1660 | D:10     | Reached skill level 4 in Unarmed Combat
  1660 | D:10     | Reached skill level 4 in Evocations
  1673 | D:10     | Reached ** piety under Cheibriados
  1677 | D:10     | Noticed a two-headed ogre
  1686 | D:10     | Killed a two-headed ogre
  1686 | D:10     | Reached skill level 5 in Armour
  1767 | D:11     | Noticed a manticore
  1767 | D:11     | Reached skill level 5 in Invocations
  1786 | D:11     | HP: 9/106 [manticore (2)]
  1787 | D:11     | Slain by a manticore

Skill      XL: |  1  2  3  4  5  6  7  8  9 |
---------------+----------------------------+-----
Spellcasting   | 5 6 |  6.8
Invocations    | 1 2 3 4 5 |  5.0
Short Blades   | 1 2 3 4 |  4.5
Long Blades    | 1 2 3 4 |  4.5
Maces & Flails | 1 2 3 4 |  4.5
Polearms       | 1 2 3 4 |  4.5
Staves         | 1 2 3 4 |  4.5
Slings         | 1 2 3 4 |  4.5
Bows           | 1 2 3 4 |  4.5
Crossbows      | 1 2 3 4 |  4.5
Throwing       | 1 2 3 4 |  4.5
Stealth        | 1 2 3 4 |  4.5
Shields        | 1 2 3 4 |  4.5
Unarmed Combat | 1 2 3 4 |  4.5
Evocations     | 1 2 3 4 |  4.5
Armour         | 3 4 5 |  5.2
Conjurations   | 1 2 3 |  3.7
Hexes          | 1 2 3 |  3.7
Summonings     | 1 2 3 |  3.7
Necromancy     | 1 2 3 |  3.7
Translocations | 1 2 3 |  3.7
Transmutations | 1 2 3 |  3.7
Fire Magic     | 1 2 3 |  3.7
Ice Magic      | 1 2 3 |  3.7
Air Magic      | 1 2 3 |  3.7
Earth Magic    | 1 2 3 |  3.7
Poison Magic   | 1 2 3 |  3.7
Fighting       | 5 6 |  6.5
Axes           | 5 6 |  6.5
Dodging        | 5 6 |  6.5
Charms         | 6 |  6.7

Action                   |  1- 3 |  4- 6 |  7- 9 || total
-------------------------+-------+-------+-------++-------
Melee: Hand axe          |    14 |       |       ||    14
       Whip              |    61 |    52 |     8 ||   121
       Unarmed           |    13 |       |       ||    13
       Bite              |     2 |     3 |    19 ||    24
       Lajatang          |       |       |   141 ||   141
Throw: Stone             |       |       |     1 ||     1
 Cast: Infusion          |     3 |       |       ||     3
       Shroud of Golubri |     1 |     1 |     9 ||    11
       Song of Slaying   |     1 |       |     9 ||    10
       Spectral Weapon   |     2 |     8 |    28 ||    38
       Regeneration      |     1 |     3 |    12 ||    16
  Use: Scroll            |       |       |     5 ||     5
       Potion            |       |       |     2 ||     2
 Stab: Sleeping          |       |     1 |     1 ||     2
       Distracted        |       |     1 |       ||     1
  Eat: Chunk             |       |       |     7 ||     7
Armor: Leather armour    |     5 |     9 |    31 ||    45
       Skin              |     4 |       |     5 ||     9
Dodge: Dodged            |    48 |    34 |   134 ||   216
Block: Other             |     3 |     5 |     1 ||     9
       Reflection        |     1 |       |       ||     1

Table legend:
 A = Turns spent in this place as a percentage of turns spent in the entire game.
 B = Non-inter-level travel turns spent in this place as a percentage of non-inter-level travel turns spent in the entire game.
 C = Inter-level travel turns spent in this place as a percentage of turns spent in this place.
 D = Turns resting spent in this place as a percentage of non-inter-level travel turns spent in this place.
 E = Turns spent auto-exploring this place as a percentage of non-inter-level travel turns spent in this place.
 F = Non-inter-level travel turns spent in this place divided by the number of levels of this place that you've seen.
                   A       B       C       D       E      F
               +-------+-------+-------+-------+-------+----------------------
         Total | 100.0 | 100.0 |   3.5 |   0.0 |   0.0 | 143.8
       Dungeon |  93.8 |  95.9 |   1.4 |   0.0 |   0.0 | 150.4
        Temple |   6.2 |   4.1 |  35.5 |   0.0 |   0.0 |  71.0
               +-------+-------+-------+-------+-------+----------------------

Table legend:
 A = Kills in this place as a percentage of kills in entire the game.
 B = Kills by you in this place as a percentage of kills by you in the entire game.
 C = Kills by friends in this place as a percentage of kills by friends in the entire game.
 D = Other kills in this place as a percentage of other kills in the entire game.
 E = Experience gained in this place as a percentage of experience gained in the entire game.
 F = Experience gained in this place divided by the number of levels of this place that you have seen.
                   A       B       C       D       E      F
               +-------+-------+-------+-------+-------+----------------------
         Total | 100.0 | 100.0 |   N/A |   N/A | 100.0 | 351.4
       Dungeon | 100.0 | 100.0 |   N/A |   N/A | 100.0 | 383.4
               +-------+-------+-------+-------+-------+----------------------

Vault maps used:
D:1:      mainiacjoe_arrival_reflecting_pool
D:2:      uniq_robin, uniq_terence
D:3:      first_ration, uniq_crazy_yiuf_cottage, uniq_grinder, uniq_sigmund,
          uniq_natasha
D:5:      led_sif_book, serial_shops, shop, shop, kennysheep_mini, shop,
          uniq_duvessa
D:6:      grunt_temple_overflow_forces_of_nature,
          minmay_temple_entry_butterflies, nicolae_ossuary_entry_catacombs,
          supply_closet_lemuel
D:8:      nicolae_overflow_hidden_temple, lemuel_doored_altar, lair_entry_dummy,
          uniq_erica, uniq_grum, uniq_joseph, uniq_psyche
D:9:      nicolae_tso_besieged_by_evil
D:10:     erik_orc_2, hangedman_stone_soup, grunt_decor_mini_mirrors,
          minmay_misc_feat_iff
Temple:   regret_index_temple_sphere_string
